AoeStats
← 开心不易

Yucatan

510715208Analyzed
4v4 RM · 20h ago on Oct 2, 2026· 38m 25s· 8 players
Game mode
Random Map
Map size
Large (8 player)
Population
200
Speed
Normal
Resources
Standard
Victory
Conquest
Starting age
Dark Age
Ending age
Imperial Age
RankedLock teamsTeams togetherTeam positionsShared explorationLock speedFull tech treeHidden civsTurbo modeCheats
Victory
Defeat
🇨🇳 Portuguese · China
1574
+9
🇭🇰 Khmer · Hong Kong SAR China
1524
+11
🇹🇼 Goths · Taiwan
1516
+11
🇨🇳 Magyars · China
1495
+12
🇨🇳 Persians · China
1462
-12
🇨🇳 Ethiopians · China
1459
-12
🇺🇸 Cumans · United States
1374
-10
🇮🇳 Mongols · India
1369
-9
mbxmm
8:56 Feudal Age
9:05 Loom
11:51 Castle Age
10:41 Double-Bit Axe
12:51 Bow Saw
17:06 Horse Collar
17:25 Town Watch
25:04 Wheelbarrow
24:31 Gold Mining
24:32 Stone Mining
26:07 Hand Cart
27:07 Bloodlines
26:57 Husbandry
27:48 Scale Barding Armor
28:30 Forging
28:22 Tusk Swords
29:25 Gold Shaft Mining
29:58 Chain Barding Armor
33:28 Iron Casting
36:36 Stone Shaft Mining
40:59 Imperial Age
苏东坡的粉丝
3:16 Loom
9:10 Loom
11:35 Feudal Age
16:51 Castle Age
15:16 Double-Bit Axe
15:33 Horse Collar
16:33 Gold Mining
20:14 Bow Saw
23:46 Wheelbarrow
25:46 Stone Mining
35:03 Imperial Age
32:55 Town Watch
33:11 Padded Archer Armor
36:11 Stone Shaft Mining
36:55 Chemistry
36:21 Conscription
36:40 Heavy Plow
36:26 Elite Organ Gun
37:44 Ballistics
38:44 Ballistics
虞小梅
2:29 Loom
10:05 Feudal Age
12:00 Wheelbarrow
11:52 Double-Bit Axe
18:00 Castle Age
16:16 Stone Mining
19:09 Bow Saw
19:03 Gold Mining
19:41 Hand Cart
21:05 Horse Collar
26:21 Scale Mail Armor
28:07 Chain Mail Armor
29:00 Forging
29:19 Anarchy
29:40 Squires
29:04 Pikeman
32:32 Iron Casting
34:26 Heavy Plow
39:17 Imperial Age
徽sir
6:26 Loom
10:04 Feudal Age
11:05 Double-Bit Axe
18:03 Castle Age
18:54 Bloodlines
19:10 Husbandry
20:29 Wheelbarrow
20:13 Scale Barding Armor
22:23 Gold Mining
23:33 Chain Barding Armor
24:02 Stone Mining
25:51 Hand Cart
37:48 Town Watch
38:20 Horse Collar
951341856
4:38 Loom
8:31 Feudal Age
9:58 Loom
10:55 Double-Bit Axe
17:39 Castle Age
16:34 Fletching
16:46 Horse Collar
17:11 Gold Mining
17:41 Padded Archer Armor
17:52 Crossbowman
20:26 Bow Saw
22:49 Wheelbarrow
24:03 Town Watch
25:06 Bodkin Arrow
32:14 Imperial Age
30:16 Ballistics
30:36 Gold Shaft Mining
31:17 Thumb Ring
32:15 Leather Archer Armor
32:18 Arbalester
35:18 Chemistry
35:32 Hand Cart
35:14 Stone Mining
36:05 Ring Archer Armor
36:26 Bracer
37:31 Two-Man Saw
开心不易
7:47 Loom
10:22 Feudal Age
16:17 Double-Bit Axe
16:14 Horse Collar
19:27 Castle Age
19:19 Gold Mining
25:03 Wheelbarrow
36:07 Heavy Plow
37:38 Scale Barding Armor
Hurin
9:51 Feudal Age
10:24 Double-Bit Axe
16:52 Castle Age
14:40 Horse Collar
17:08 Wheelbarrow
16:19 Loom
17:31 Wheelbarrow
16:43 Loom
18:19 Bow Saw
18:32 Heavy Plow
18:48 Loom
19:30 Gold Mining
19:49 Scale Barding Armor
19:54 Forging
21:43 Chain Barding Armor
22:12 Bloodlines
25:34 Iron Casting
26:39 Fletching
27:22 Bodkin Arrow
28:00 Hand Cart
29:50 Town Watch
38:23 Imperial Age
36:57 Town Patrol
36:28 Light Cavalry
ayushdy2004
8:29 Loom
10:15 Feudal Age
15:03 Castle Age
17:51 Double-Bit Axe
17:58 Stone Mining
33:11 Fletching
Connection lost

Rejoining the realm…

Still unreachable

The connection could not be restored.

Session expired

The server has moved on; the page needs a fresh start.